 Dungeon Crawl Stone Soup version 0.21.1-1-g345015fe64 (webtiles) character file.

127 Ivernyr the Charmwright (level 4, -2/35 HPs)
             Began as a Demonspawn Skald on Apr 25, 2018.
             Slain by a gnoll
             ... wielding a +0 flail
              (11 damage)
             ... on level 2 of the Dungeon.
             The game lasted 00:04:50 (2096 turns).

Ivernyr the Charmwright (Demonspawn Skald)          Turns: 2096, Time: 00:04:51

Health: -2/35      AC:  3    Str: 11    XL:     4   Next: 85%
Magic:  2/7        EV: 12    Int: 15    God:
Gold:   122        SH:  0    Dex: 13    Spells: 2/7 levels left

rFire    . . .     SeeInvis .   a - +0 falchion
rCold    . . .     Gourm    .   (no shield)
rNeg     . . .     Faith    .   b - +0 leather armour
rPois    .         Spirit   .   (helmet restricted)
rElec    .         Reflect  .   (no cloak)
rCorr    .         Harm     .   (no gloves)
MR       .....                  (no boots)
Stlth    +.........             (no amulet)
HPRegen  0.11/turn              (no ring)
MPRegen  0.10/turn              (no ring)

@: very slightly contaminated
A: horns 2
a: no special abilities


You were on level 2 of the Dungeon.
You were not hungry.

You visited 1 branch of the dungeon, and saw 3 of its levels.

You collected 122 gold pieces.

Inventory:

Hand Weapons
 a - a +0 falchion (weapon)
Armour
 b - a +0 leather armour (worn)
Jewellery
 k - an uncursed ring of wizardry {unknown}
Scrolls
 f - a scroll of fear {unknown}
 g - 3 scrolls of teleportation {unknown}
 h - 3 scrolls of remove curse {unknown}
 i - 2 scrolls of identify {unknown}
 j - a scroll of enchant weapon {unknown}
 m - a scroll of amnesia {unknown}
 o - a scroll of magic mapping {unknown}
Potions
 e - a potion of curing {unknown}
 l - a potion of degeneration {unknown}
Books
 c - a book of Battle

   Spells                             Type                      Level
   a - Infusion                       Charms                       1
   b - Shroud of Golubria             Charms/Translocation         2
   c - Song of Slaying                Charms                       2
   d - Spectral Weapon                Hexes/Charms                 3
   e - Regeneration                   Charms/Necromancy            3
Comestibles
 d - 4 rations


   Skills:
 + Level 3.0 Fighting
 - Level 1.7 Long Blades
 * Level 3.1 Armour
 - Level 1.7 Dodging
 - Level 2.0 Spellcasting
 + Level 3.4 Charms


You had 2 spell levels left.
You knew the following spells:

 Your Spells              Type           Power        Failure   Level  Hunger
a - Shroud of Golubria    Chrm/Tloc      #.........   22%         2    ###....
b - Song of Slaying       Chrm           ##......     11%         2    ###....
c - Infusion              Chrm           ##..         7%          1    #......


Dungeon Overview and Level Annotations

Branches:
Dungeon (3/15)

Altars:
Gozag
Wu Jian
The Shining One

Annotations:
D:3 dengdeng's ghost, amateur MiBe


Innate Abilities, Weirdness & Mutations

You have a pair of horns on your head.


Message History

The gnoll is severely wounded.
The gnoll hits you. The gnoll closely misses you.
You barely miss the gnoll.
The gnoll is severely wounded.
The gnoll barely misses you.
Your shroud bends the gnoll's attack away!
The gnoll misses you.
Casting: Shroud of Golubria
Confirm with . or Enter, or press ? or * to list all spells.
You miscast Shroud of Golubria.
You are very lightly contaminated with residual magic.
Your skin tingles.
The gnoll hits you with a flail.
Your shroud falls apart!
The gnoll hits you.
* * * LOW HITPOINT WARNING * * *
Casting: Shroud of Golubria
Confirm with . or Enter, or press ? or * to list all spells.
Space distorts slightly along a thin shroud covering your body.
The gnoll hits you with a flail!
You die...

### #.......#
########### ..##
#.......#####
...###.....[(....####
....................#
...###.........(.##.#
..## #.......###.##.#
.## #.......# #g##.#
.# #####.### #g##.#
.### #.# #@##.# ...#
#.# #g##.# ##.# #.#
#.##.## ###### #.#
#.#
#.#...#######.....
##.# #>#
#...#....##.......
...# #.#
###...##.##.#.####
##.# #.#
##.###.##.#.# #.# #.#
#.# #.##.#.##
#.#######.## #.#
#.##....##


You could see 3 gnolls.

Vanquished Creatures
  Jessica (D:2)
  4 adders
  An ooze (D:2)
  A worm (D:3)
  A dart slug (D:1)
  2 leopard geckos
  5 bats
  5 giant cockroaches (D:1)
  5 goblins
  6 hobgoblins
  11 kobolds
  A quokka (D:2)
  2 ball pythons (D:2)
  2 frilled lizards (D:2)
  9 rats
56 creatures vanquished.

Notes
Turn   | Place    | Note
-------+----------+-------------------------------------------
     0 | D:1      | Ivernyr the Demonspawn Skald began the quest for the Orb.
     0 | D:1      | Reached XP level 1. HP: 16/16 MP: 3/3
    13 | D:1      | Reached skill level 1 in Armour
   323 | D:1      | Gained mutation: You have a pair of small horns on your head. [demonic ancestry]
   323 | D:1      | Reached XP level 2. HP: 22/22 MP: 5/5
   487 | D:1      | Learned a level 2 spell: Song of Slaying
   490 | D:1      | Learned a level 2 spell: Shroud of Golubria
   826 | D:1      | Reached XP level 3. HP: 25/28 MP: 6/6
   955 | D:2      | Noticed Jessica
   961 | D:2      | Killed Jessica
  1022 | D:2      | Gained mutation: You have a pair of horns on your head. [demonic ancestry]
  1022 | D:2      | Reached XP level 4. HP: 34/34 MP: 7/7
  1420 | D:2      | Found an ornate altar of the Wu Jian Council.
  1450 | D:2      | Found an opulent altar of Gozag.
  1962 | D:3      | Found a glowing golden altar of the Shining One.
  2035 | D:3      | Noticed dengdeng's ghost (amateur MiBe)
  2096 | D:2      | Slain by a gnoll

Skill      XL: |  1  2  3  4 |
---------------+-------------+-----
Armour         | 1 2 3 |  3.1
Charms         | 3 |  3.4
Fighting       | 3 |  3.0
Long Blades    | |  1.7
Dodging        | |  1.7
Spellcasting   | |  2.0

Action                   |  1- 3 |  4- 6 || total
-------------------------+-------+-------++-------
Melee: Falchion          |    73 |    98 ||   171
       Headbutt          |    10 |    13 ||    23
 Cast: Shroud of Golubri |     2 |     6 ||     8
  Eat: Chunk             |       |     5 ||     5
Armor: Leather armour    |    25 |    31 ||    56
Dodge: Dodged            |    53 |    87 ||   140
       Rpst.: Falchion   |    23 |    34 ||    57
